 Dungeon Sprint DCSS version 0.17-a0-1753-g75d4604 (webtiles) character file.

7 Kidiri the Sneak (level 1, -2/9 HPs)
             Began as a Spriggan Enchanter on Sept 2, 2015.
             Slain by Crazy Yiuf
             ... wielding a +3 quarterstaff of chaos
              (11 damage)
             ... in the Dungeon (Sprint III: "The Ten Rune Challenge").
             The game lasted 00:01:36 (482 turns).

Kidiri the Sneak (Spriggan Enchanter)                Turns: 482, Time: 00:01:37

Health: -2/9       AC:  3    Str:  4    XL:     1   Next: 91%
Magic:  3/5        EV: 19    Int: 16    God:
Gold:   9          SH:  0    Dex: 16    Spells: 1 memorised, 5 levels left

rFire  . . .     SeeInvis +     a - +1 dagger
rCold  . . .     Clarity  .     b - +1 robe
rNeg   . . .     SustAt   .     (shield restricted)
rPois  .         Gourm    .     (helmet restricted)
rElec  .         Spirit   .     (no cloak)
rCorr  .         Warding  .     (gloves unavailable)
rMut   .         NoTele   +     (boots unavailable)
MR     .....                    (no amulet)
Stlth  +++.......               (no ring)
                                (no ring)

@: very quick, not resistant to hostile enchantments, fairly stealthy
A: unfitting armour, see invisible, herbivore 3, speed 3, slow metabolism 2
a: no special abilities


You were in the Dungeon.
You were not hungry.

You visited 1 branch You collected 9 gold pieces.

Inventory:

Hand weapons
 a - a +1 dagger (weapon)
Armour
 b - a +1 robe (worn)
Scrolls
 j - a scroll of blinking
Potions
 e - 3 potions of curing
 f - a potion of heal wounds
 g - a potion of haste
 h - 2 potions of magic
 i - a potion of berserk rage
Books
 c - a book of Maledictions

   Spells                             Type                      Level
   a - Corona                         Hexes                        1
   b - Ensorcelled Hibernation        Hexes/Ice                    2
   c - Confuse                        Hexes                        3
   d - Tukima's Dance                 Hexes                        3
   e - Dazzling Spray                 Conjuration/Hexes            3
Comestibles
 d - a bread ration


   Skills:
 + Level 1.5 Short Blades
 * Level 4.3 Dodging
 * Level 5.5 Stealth
 * Level 3.4 Spellcasting
 + Level 3.9 Hexes


You had 5 spell levels left.
You knew the following spells:

 Your Spells              Type           Power        Failure   Level  Hunger
a - Corona                Hex            ###....      4%          1    None


Dungeon Overview and Level Annotations

Branches:
Dungeon (1/1)

Altars:

Annotations:
D Crazy Yiuf


Innate Abilities, Weirdness & Mutations

You are tiny and cannot use many weapons and most armour.
You have supernaturally acute eyesight.
You are a herbivore.
You cover ground extremely quickly.
You need consume almost no food.


Message History

You start resting.
Magic restored.
You start waiting.
You see here a chunk of flesh.
Crazy Yiuf is too close now for your liking.
Casting: Corona
Confirm with . or Enter, or press ? or * to list all spells.
Aiming: Corona
Press: ? - help, Shift-Dir - straight line, f/p - Crazy Yiuf
Aim: Crazy Yiuf, wielding a quarterstaff of chaos and wearing a glowing cloak (chance to defeat MR: 61%) Crazy Yiuf struggles to resist.
Casting: Corona
Confirm with . or Enter, or press ? or * to list all spells.
Aiming: Corona
Press: ? - help, Shift-Dir - straight line, f/p - Crazy Yiuf
Aim: Crazy Yiuf, wielding a quarterstaff of chaos and wearing a glowing cloak (chance to defeat MR: 61%) Crazy Yiuf is outlined in light.
Crazy Yiuf barely misses you.
You hit Crazy Yiuf but do no damage.
Crazy Yiuf hits you with a quarterstaff of chaos!
Ouch! That really hurt!
You die...

▓..##.......# ..#
▓##.##.##%..# ..#
##.##.###..# #..#
▓#.####.##..# ...+
▓.###..##..## #...#
▓#.....##..###....#
###..##...##.....#
##..##....#g.....#
#..###..##@#.....#
#..# #..#####....#
▓▓▓▓ ▓▓▓▓ ▓▓▓▓▓


You could see Crazy Yiuf.

Vanquished Creatures
  An ooze (D)
  3 rats (D)
4 creatures vanquished.

Vanquished Creatures (others)
  2 draconian scorchers (D)
  A yaktaur (D)
3 creatures vanquished.

Grand Total: 7 creatures vanquished

Notes
Turn   | Place    | Note
--------------------------------------------------------------
     0 | D        | Kidiri the Spriggan Enchanter began the quest for the Orb.
     0 | D        | Reached XP level 1. HP: 9/9 MP: 5/5
    17 | D        | Reached skill level 5 in Stealth
    52 | D        | Killed a yaktaur
   196 | D        | Killed a white draconian scorcher
   376 | D        | Killed a white draconian scorcher
   414 | D        | Noticed Crazy Yiuf
   482 | D        | Slain by Crazy Yiuf

Vault maps used:
D:        dungeon_sprint_mu

Action                   || total
-------------------------++-------
Melee: Dagger            ||    22
 Cast: Corona            ||     3
 Stab: Sleeping          ||     1
